 Dungeon Crawl Stone Soup version 0.13.0-6-g40e4d2d (webtiles) character file.

479339 samael the Shatterer (level 24, -13/160 HPs)
             Began as a Gargoyle Enchanter on Oct 14, 2013.
             Was a High Priest of Okawaru.
             Killed from afar by a purple draconian zealot (18 damage)
             ... with a burst of hellfire
             ... on Level 1 of the Realm of Zot on Oct 15, 2013.
             The game lasted 06:35:20 (83881 turns).

samael the Shatterer (Gargoyle Enchanter)          Turns: 83881, Time: 06:35:20

HP -13/160       AC 62     Str 26      XL: 24   Next: 49%
MP  32/32        EV 18     Int 21      God: Okawaru [*****.]
Gold 991         SH 43     Dex 18      Spells:  3 memorised, 19 levels left

Res.Fire  : + + +   See Invis. : +   u - +8,+5 flail (drain)
Res.Cold  : + + .   Warding    : .   n - +11 plate armour "Plog" {Dex+1}
Life Prot.: + . .   Conserve   : .   w - +5 shield of Resistance {rF+ rC+ MR+}
Res.Poison: +       Res.Corr.  : .   a - +0 helmet {SInv}
Res.Elec. : +       Clarity    : .   b - +2 dwarf cloak {darkness}
Sust.Abil.: + .     Spirit.Shd : .   D - +2 pair of fencer's gloves {EV+3 Dex+3 Acc+8}
Res.Mut.  : +       Stasis     : .   e - -1 pair of boots {run}
Res.Rott. : +       Flight     : +   X - amulet of Bietaone {rMut Str+2 Dex+4 Int+5}
Saprovore : . . .                    J - ring of Suicidal Tendencies {rF+ rC+ SInv}
                                     o - ring "Cledases" {SustAb rF+ MR++}

@: flying, heroism, quick, incredibly resistant to hostile enchantments,
extremely unstealthy
A: large and strong wings, fangs 1, talons 2, herbivore 1, life protection 1,
electricity resistance, slow metabolism 1, unbreathing, petrification
resistance, AC +17
a: Stop Flying, Heroism, Finesse, Renounce Religion, Evoke Invisibility
}: 3/15 runes: serpentine, barnacled, silver


You were on level 1 of the Realm of Zot.
You worshipped Okawaru.
Okawaru was extremely pleased with you.
You were not hungry.

You visited 10 branches of the dungeon, and saw 59 of its levels.
You visited the Abyss 2 times.
You visited 1 bazaar.
You also visited: Labyrinth.

You collected 5871 gold pieces.
You spent 4900 gold pieces at shops.

Inventory:

Hand weapons
 d - the +4,+1 flail "Twiablav" {antimagic, rElec Dex+2 Int+3}
   (You found it on level 1 of the Realm of Zot)

   It disrupts the flow of magical energy around spellcasters and certain
   magical creatures (including the wielder).
   It affects your intelligence (+3).
   It affects your dexterity (+2).
   It insulates you from electricity.
 j - the +6,+5 demon whip of Urgency {venom, -Cast Str+2}
   (Okawaru gifted it to you on level 5 of the Vaults)

   It poisons the flesh of those it strikes.
   It affects your strength (+2).
   It prevents spellcasting.
 u - a +8,+5 flail of draining (weapon)
 I - the +2,+6 morningstar of Phuidwapn {freeze, rF++ rN+}
   (You took it off an orc on level 5 of the Vaults)

   It has been specially enchanted to freeze those struck by it, causing extra
   injury to most foes and up to double damage against particularly susceptible
   opponents.
   It can also slow down cold-blooded creatures.
   It greatly protects you from fire.
   It protects you from negative energy.
 Y - a +4,+0 flail of protection
Armour
 a - a +0 helmet of see invisible (worn)
 b - a +2 dwarven cloak of darkness (worn)
 e - a -1 pair of boots of running (worn)
 n - the +11 plate armour "Plog" (worn) {Dex+1}
   (You acquired it on level 2 of the Lair of Beasts)

   It affects your dexterity (+1).
 r - a +2 cloak of preservation
 w - the +5 shield of Resistance (worn) {rF+ rC+ MR+}
   (You acquired it on level 5 of the Lair of Beasts)

   It protects you from fire.
   It protects you from cold.
   It affects your resistance to hostile enchantments.
 D - the +2 pair of fencer's gloves (worn) {EV+3 Dex+3 Acc+8}
   (You found it in a labyrinth)

   It affects your evasion (+3).
   It affects your dexterity (+3).
   It affects your accuracy (+8).
Magical devices
 H - a wand of magic darts (7)
 Q - a wand of draining (5)
 T - a wand of teleportation (5)
 U - a wand of teleportation (1)
 V - a wand of paralysis (5)
Comestibles
 f - 12 bread rations
 l - 3 chunks of storm dragon flesh
 W - a meat ration
Scrolls
 O - a scroll of fear
Jewellery
 c - an uncursed ring of positive energy
 g - an uncursed amulet of guardian spirit {unknown}
 i - the amulet "Gaillal" {+Rage Str+3 Dex+2}
   (You took it off a yaktaur on level 5 of the Vaults)

   [amulet of rage]

   It affects your strength (+3).
   It affects your dexterity (+2).
 o - the ring "Cledases" (left hand) {SustAb rF+ MR++}
   (You bought it in a shop on level 21 of the Dungeon)

   [ring of sustain abilities]

   It protects you from fire.
   It affects your resistance to hostile enchantments.
 p - an uncursed ring of sustain abilities
 t - an uncursed amulet of guardian spirit {unknown}
 v - an uncursed amulet of conservation
 y - an uncursed ring of fire
 z - an uncursed ring of ice
 B - an uncursed ring of sustenance
 J - the ring of Suicidal Tendencies (right hand) {rF+ rC+ SInv}
   (You bought it in a shop in a bazaar)

   [ring of protection from cold]

   It protects you from fire.
   It enhances your eyesight.
 L - the ring "Wisock" {rElec MR++ Int+2}
   (You found it on level 23 of the Dungeon)

   [ring of intelligence]

   It affects your intelligence (+2).
   It insulates you from electricity.
   It affects your resistance to hostile enchantments.
 R - an uncursed ring of poison resistance {unknown}
 X - the amulet of Bietaone (around neck) {rMut Str+2 Dex+4 Int+5}
   (You bought it in a shop on level 21 of the Dungeon)

   [amulet of resist mutation]

   It affects your strength (+2).
   It affects your intelligence (+5).
   It affects your dexterity (+4).
 Z - an uncursed ring of teleport control
Potions
 h - 3 potions of berserk rage
 k - a potion of resistance
 A - 2 potions of restore abilities
 C - 3 potions of curing
 F - 2 potions of speed
 G - a potion of might
 S - 2 potions of invisibility
Books
 P - a Young Poisoner's Handbook

   Spells                             Type                      Level
   Sting                              Conjuration/Poison           1
   Cure Poison                        Poison                       2
   Mephitic Cloud                     Conjuration/Poison/Air       3
   Olgreb's Toxic Radiance            Poison                       4
   Venom Bolt                         Conjuration/Poison           5


   Skills:
 + Level 20.6(25.6) Fighting
   Level 3.1(8.1) Short Blades
 + Level 22.6(27) Maces & Flails
 - Level 1.0(6.0) Throwing
 + Level 20.9(25.9) Armour
 - Level 9.0(14.0) Dodging
 - Level 2.1(7.1) Stealth
 + Level 20.6(25.6) Shields
 - Level 1.0 Spellcasting
 - Level 2.6 Hexes
 - Level 7.0 Invocations
 - Level 7.0 Evocations


You had 19 spell levels left.
You knew the following spells:

 Your Spells              Type           Power        Failure   Level  Hunger
a - Corona                Hex            ##.....      21%         1    ##.....
b - Ensorcelled Hibernat  Hex/Ice        #.....       43%         2    ###....
c - Confuse               Hex            ##......     61%         3    ####...


Dungeon Overview and Level Annotations

Branches:
Dungeon (27/27)            Temple (1/1) D:4             Orc (4/4) D:11
    Elf (0/3) Orc:3          Lair (8/8) D:9          Shoals (5/5) Lair:3
  Snake (5/5) Lair:6        Slime (1/6) Lair:7       Vaults (5/5) D:15
  Blade (0/1) Vaults:4      Crypt (1/5) Vaults:3        Zot (2/5) D:27

Altars:
Ashenzari
Cheibriados
Elyvilon
Fedhas
Kikubaaqudgha
Makhleb
Nemelex Xobeh
Okawaru
Sif Muna
Trog
Vehumet
Xom
Zin
the Shining One
Beogh

Shops:
D:5 !   D:9 *   D:11 ?   D:18 *   D:20 *}   D:21 =   D:24 [*?   D:26 *
Orc:2 }   Orc:3 [   Orc:4 *?[*   Snake:3 /   Snake:4 [+   Vaults:2 [
Vaults:5 *}

Portals:
Hell: D:21 D:22 D:23 D:24 D:25 D:26 D:27 Lair:8
Abyss: D:23 D:25 D:26
Pandemonium: D:22 D:24 D:25
Trove: D:16 (give +2 storm dragon armour)

Annotations:
D:3 Deemzul's ghost, average OpMo
Shoals:4 1 exclusion
Snake:1 exclusion: oklob plant


Innate Abilities, Weirdness & Mutations

You are resistant to torment.
You are immune to poison.
You can fly continuously.
Your stone body is very resilient (AC +17).
Your wings are large and strong.
You have very sharp teeth.
You have razor-sharp toenails.
You resist negative energy.
You are resistant to electric shocks.
You have a slow metabolism.
You can survive without breathing.
You are immune to petrification.
You digest meat inefficiently.


Message History

* * * LOW HITPOINT WARNING * * *
The purple draconian zealot is engulfed in roaring flames.
The yellow draconian scorcher spits acid at you.
The splash of acid misses you.
The yellow draconian scorcher gestures at you while chanting.
You block the sticky flame.
The yellow draconian scorcher spits acid at you.
The splash of acid hits you!
The acid burns!
* * * LOW HITPOINT WARNING * * *
A storm dragon comes into view.
The storm dragon roars!
The storm dragon breathes lightning at you.
The bolt of lightning hits you! You resist.
* * * LOW HITPOINT WARNING * * *
The storm dragon breathes lightning at you.
The bolt of lightning misses you.
There is a gate leading back out of this place here.
The purple draconian zealot mumbles some strange prayers to its god against you.
The hellfire explodes!
The burst of hellfire engulfs you!
You die...

#.......................###......
.........................##......
.........................#.......
....####.....#######.....#.......
....####.....## ##............
............[[######.............
.................................
.................................
................@.....##.........
......................#..........
...................[.............
............###..D...[...........
..?........## ##.................
.........### ##................
........## ##...............
.......## ##.d............
......## ###............


You could see a storm dragon and a purple draconian zealot.

Vanquished Creatures
  Boris (Snake:5)
  A curse toe (Zot:2)
  3 golden dragons
  Saint Roka (Snake:5)
  2 tentacled monstrosities (Vaults:5)
  2 liches
  Xtahua (Snake:5)
  Nikola (Vaults:1)
  6 shadow dragons (Vaults:5)
  4 storm dragons
  2 sphinxes
  Ilsuiw (Shoals:5)
  15 tengu reavers
  A deep elf sorcerer (Vaults:5)
  Frances (Snake:5)
  A balrug (Abyss:1)
  3 draconian monks
  Polyphemus (Shoals:2)
  8 fire giants
  15 vault wardens
  A ghost moth (shapeshifter) (Vaults:5)
  5 frost giants
  4 draconian annihilators
  2 draconian shifters (Zot:1)
  14 greater nagas (Snake:5)
  Donald (Snake:1)
  Wiglaf (D:22)
  4 grey draconians
  A draconian caller (D:27)
  2 draconian zealots (Zot:1)
  3 pale draconians
  6 green draconians
  A jiangshi (Vaults:3)
  30 stone giants
  4 white draconians
  4 deep elf death magi
  2 dire elephants (Lair:8)
  3 purple draconians
  7 salamanders (Snake:5)
  22 ironheart preservers
  A minotaur (Lab)
  5 sirens
  2 deep elf demonologists
  8 merfolk impalers
  34 yaktaur captains
  37 vault guards
  8 ettins
  2 mottled draconians (Zot:2)
  Josephine (Orc:3)
  A red draconian (D:27)
  5 ice dragons
  3 ravenous feature mimics
  2 yellow draconians (Zot:2)
  Snorg (Vaults:1)
  7 dragons
  19 anacondas
  2 merfolk aquamancers (Shoals:5)
  4 great orbs of eyes
  A vampire mage (Vaults:3)
  A rakshasa (D:13)
  Nessos (Orc:4)
  25 hydras
  4 merfolk javelineers (Shoals:5)
  4 spectral elves
  10 deep troll shamans
  A thrashing horror (Abyss:1)
  10 deep troll earth magi
  A hell hog (D:25)
  An iron golem (D:19)
  27 centaur warriors
  22 ogre magi
  An orc high priest (Vaults:4)
  5 black draconians
  2 sun demons
  8 skeletal warriors
  2 death yaks (Shoals:2)
  5 catoblepae
  An ice devil (D:25)
  2 storm dragon skeletons
  2 fire crabs
  A shadow wraith (D:24)
  Harold (Orc:2)
  7 flayed ghosts
  11 naga warriors
  3 large abominations
  5 deep elf knights
  A hellion (D:24)
  Urug (Shoals:1)
  A golden dragon skeleton (Vaults:5)
  32 deep trolls
  A giant orange brain (Vaults:4)
  10 very ugly things
  Erolcha (D:8)
  3 wizards
  A hill giant (shapeshifter) (D:23)
  7 unseen horrors
  A wolf spider zombie (D:16)
  13 sea snakes
  A fire giant zombie (D:20)
  2 shadow dragon skeletons (D:24)
  Pikel (D:9)
  7 stone giant zombies
  A frost giant zombie (Vaults:2)
  12 ironbrand convokers
  7 giant amoebae
  33 harpies
  A shining eye (shapeshifter) (Vaults:5)
  8 wolf spiders
  3 red wasps
  A sixfirhy (D:25)
  A sphinx skeleton (D:17)
  5 moths of wrath
  A stone golem (D:14)
  4 frost giant skeletons
  13 hill giants
  A necromancer (Lair:7)
  17 stone giant skeletons
  A phantasmal warrior (D:26)
  15 cyclopes
  3 fire giant skeletons
  8 iron trolls
  2 deep elf conjurers
  31 orc knights
  An elephant (shapeshifter) (D:13)
  3 orc sorcerers
  A feature mimic (Orc:3)
  6 orange demons
  9 griffons
  A black mamba (shapeshifter) (D:16)
  4 iron troll zombies
  4 smoke demons
  7 guardian serpents
  6 elephants (Lair:6)
  61 yaktaurs
  Psyche (D:11)
  A storm dragon zombie (Zot:2)
  3 deep elf summoners
  A queen ant (shapeshifter) (Vaults:3)
  6 spiny worms
  2 demonic crawlers (Vaults:1)
  36 black mambas
  2 blue devils
  4 hellwings
  14 mermaids
  A hydra zombie (D:16)
  A pale draconian zombie (Zot:2)
  An efreet (Abyss:1)
  An iron devil (Zot:2)
  2 jumping spiders (shapeshifter)
  2 fire drakes
  18 naga magi
  2 alligator snapping turtles (Shoals:5)
  2 jumping spiders (Vaults:1)
  An iron troll skeleton (Vaults:3)
  6 red devils
  An orb spider (shapeshifter) (D:22)
  2 trapdoor spider zombies (D:12)
  15 trolls
  12 blink frogs
  A fire giant simulacrum (D:19)
  A hydra skeleton (D:14)
  8 komodo dragons
  An ettin zombie (Vaults:3)
  A mermaid (shapeshifter) (D:16)
  A frost giant simulacrum (Vaults:2)
  3 deep elf magi
  5 deep elf priests
  47 two-headed ogres
  A giant firefly (shapeshifter) (D:24)
  38 slime creatures
  7 ettin skeletons
  4 hungry ghosts
  2 ynoxinuls
  A tarantella (shapeshifter) (Vaults:1)
  10 water elementals
  84 yaks
  A spiny worm zombie (Vaults:1)
  A yak (shapeshifter) (Vaults:5)
  5 redbacks
  4 wraiths
  4 shadows
  5 basilisks
  11 snapping turtles
  11 spiny frogs
  6 vampires
  2 steam dragons
  2 hill giant skeletons (D:16)
  A raven (shapeshifter) (Vaults:3)
  An elephant slug (Lair:7)
  2 hell hounds (D:22)
  3 wyverns
  A neqoxec (Zot:2)
  23 vampire mosquitoes
  Grum (D:13)
  16 deep elf fighters
  Menkaure (D:7)
  18 wolves
  2 agate snail zombies
  10 manticores
  13 sharks
  6 tarantellas
  14 vault sentinels
  108 ugly things
  An iron troll simulacrum (Vaults:1)
  3 slaves (D:9)
  A necrophage (D:8)
  4 mottled dragons
  7 porcupines
  11 freezing wraiths
  A deep troll zombie (D:22)
  3 ice beasts
  A sky beast (shapeshifter) (Vaults:5)
  12 hippogriffs
  A kobold demonologist (D:13)
  3 phantoms
  59 merfolk
  3 small abominations
  A hog (shapeshifter) (D:23)
  49 orc warriors
  2 rock worms
  92 ogres
  An ettin simulacrum (Vaults:1)
  2 black bears
  2 sky beasts
  30 centaurs
  Duvessa (D:6)
  3 rotting devils (Lair:8)
  4 brain worms
  A yaktaur zombie (Vaults:1)
  11 wargs
  3 giant goldfish
  A giant slug zombie (Vaults:1)
  59 water moccasins
  Blork the orc (D:8)
  17 giant frogs
  5 big kobolds
  4 yaktaur skeletons
  9 crocodiles
  51 nagas
  4 boring beetles
  14 agate snails
  2 cyclops zombies
  2 yak zombies
  A cyclops skeleton (D:15)
  An elf (shapeshifter) (D:26)
  10 boulder beetles
  3 troll zombies
  10 killer bees
  A troll skeleton (D:11)
  8 jellyfish
  2 eyes of draining
  4 wights (D:11)
  Dowan (D:6)
  7 crimson imps
  2 electric eels
  4 lava snakes (Snake:5)
  6 goliath beetles
  11 jellies
  19 giant slugs
  26 orc priests
  A giant frog skeleton (D:10)
  2 gnoll shamans
  9 hounds
  16 iguanas
  3 scorpions
  39 orc wizards
  A basilisk skeleton (D:13)
  A boulder beetle simulacrum (Vaults:3)
  A warg skeleton (Orc:3)
  5 grizzly bear simulacra (Lair:7)
  5 worker ants
  5 orange rats
  25 sheep
  Jessica (D:2)
  Ijyb (D:7)
  2 ogre skeletons
  11 boggarts
  2 mottled dragon skeletons
  A hound zombie (D:6)
  A mummy (D:6)
  48 adders
  A lemure (Abyss:1)
  7 giant centipedes
  14 gnolls
  47 green rats
  An ogre simulacrum (Orc:3)
  2 hound simulacra (Lair:7)
  An inept feature mimic (D:5)
  A goliath beetle zombie (D:12)
  A giant mite (Lair:2)
  3 ufetubi
  5 worms
  An iguana skeleton (D:8)
  3 giant eyeballs
  10 giant geckos
  6 oozes
  182 orcs
  A sheep simulacrum (Lair:7)
  8 giant cockroaches
  13 goblins
  20 hobgoblins
  35 kobolds
  18 quokkas
  9 ball pythons
  17 bats
  A giant gecko skeleton (D:7)
  8 giant newts
  A giant spore (D:6)
  19 jackals
  2 orc skeletons
  4 orc zombies (Orc:3)
  37 rats
  3 rat simulacra (Lair:7)
  A rat skeleton (D:5)
  A rat zombie (D:5)
  5 ballistomycetes
  2 crawling corpses (Vaults:5)
  2 plants (Shoals:3)
  4 tentacles (Shoals:5)
2744 creatures vanquished.

Vanquished Creatures (others)
  A vault guard (Vaults:5)
  A sea snake (shapeshifter) (Vaults:4)
  A spiny frog (Lair:7)
  An iron troll simulacrum (D:22)
  An ogre (D:22)
  3 lost souls (Vaults:5)
  A naga (Snake:3)
  A boring beetle (D:26)
  A giant slug (Lair:7)
  A bat (D:4)
  A giant spore (D:9)
  2 kobolds (D:4)
  2 bushes (D:26)
  A fungus (Lair:4)
  16 plants
  12 tentacles
  127 tentacle segments
173 creatures vanquished.

Grand Total: 2917 creatures vanquished

Notes
Turn   | Place    | Note
--------------------------------------------------------------
     0 | D:1      | samael, the Gargoyle Enchanter, began the quest for the Orb.
     0 | D:1      | Reached XP level 1. HP: 10/10 MP: 3/3
    55 | D:1      | Reached skill level 1 in Short Blades
   273 | D:1      | Reached XP level 2. HP: 12/15 MP: 0/4
   314 | D:1      | Learned a level 2 spell: Ensorcelled Hibernation
  1124 | D:2      | Noticed Jessica
  1128 | D:2      | Killed Jessica
  1128 | D:2      | Reached XP level 3. HP: 19/19 MP: 2/5
  1143 | D:2      | Reached skill level 3 in Short Blades
  1252 | D:2      | Reached skill level 1 in Maces & Flails
  1252 | D:2      | Reached XP level 4. HP: 22/24 MP: 0/7
  2649 | D:3      | Reached XP level 5. HP: 28/28 MP: 3/8
  2677 | D:3      | Learned a level 3 spell: Confuse
  3133 | D:4      | Reached skill level 4 in Maces & Flails
  3219 | D:4      | Found a staircase to the Ecumenical Temple.
  3229 | Temple   | Entered the Ecumenical Temple
  3241 | Temple   | Became a worshipper of Warmaster Okawaru
  3339 | D:4      | Reached XP level 6. HP: 29/32 MP: 9/9
  3411 | D:4      | Reached skill level 5 in Maces & Flails
  3434 | D:4      | Noticed an ogre
  3516 | D:3      | Noticed Deemzul's ghost (average OpMo)
  3568 | D:4      | Found a bloodstained altar of Trog.
  3848 | D:4      | Found a glowing silver altar of Zin.
  4070 | D:4      | Killed an ogre
  4070 | D:4      | Acquired Okawaru's first power
  4070 | D:4      | Reached skill level 6 in Maces & Flails
  4264 | D:5      | Entered Level 5 of the Dungeon
  4610 | D:5      | Reached skill level 1 in Armour
  4610 | D:5      | Reached XP level 7. HP: 22/36 MP: 8/10
  4814 | D:5      | Found a white marble altar of Elyvilon.
  4884 | D:5      | Found a sparkling altar of Nemelex Xobeh.
  4914 | D:5      | Reached skill level 7 in Maces & Flails
  5073 | D:5      | Found Ligy's Distillery.
  5115 | D:5      | Bought a potion of heal wounds for 33 gold pieces
  5585 | D:5      | Reached skill level 8 in Maces & Flails
  5585 | D:5      | Reached XP level 8. HP: 17/41 MP: 12/12
  5926 | D:5      | Reached skill level 11 in Maces & Flails
  5926 | D:5      | Reached XP level 9. HP: 45/52 MP: 13/13
  6675 | D:6      | Noticed Duvessa
  6680 | D:6      | Noticed Dowan
  6701 | D:6      | Killed Duvessa
  6729 | D:6      | Killed Dowan
  6980 | D:6      | Identified a scroll of acquirement
  7261 | D:7      | Reached skill level 12 in Maces & Flails
  7598 | D:7      | Noticed Menkaure
  7600 | D:7      | Noticed Ijyb
  7615 | D:7      | Killed Menkaure
  7615 | D:7      | Reached XP level 10. HP: 41/57 MP: 14/14
  7721 | D:7      | Killed Ijyb
  8098 | D:8      | Reached skill level 1 in Shields
  8745 | D:8      | Noticed Erolcha
  8755 | D:8      | Killed Erolcha
  8835 | D:8      | Noticed Blork the orc
  8841 | D:8      | Killed Blork the orc
  9016 | D:9      | Reached skill level 10 in Armour
  9129 | D:9      | Found Wantuwib's General Store.
  9140 | D:9      | Found a staircase to the Lair.
  9771 | D:9      | Noticed Pikel
  9793 | D:9      | Killed Pikel
  9903 | D:10     | Entered Level 10 of the Dungeon
 10195 | D:10     | Found a shimmering altar of Xom.
 10242 | D:10     | Reached skill level 5 in Shields
 10251 | D:10     | Reached XP level 11. HP: 62/62 MP: 15/15
 10270 | D:10     | Noticed an unseen horror
 10278 | D:10     | Killed an unseen horror
 10961 | D:11     | Found a staircase to the Orcish Mines.
 10968 | D:11     | Found Reisoras' Magic Scroll Emporium.
 11080 | D:11     | Noticed Psyche
 11085 | D:11     | Killed Psyche
 11780 | D:12     | Noticed a skeletal warrior
 11817 | D:12     | Killed a skeletal warrior
 11955 | Lair:1   | Entered Level 1 of the Lair of Beasts
 12224 | Lair:1   | Reached skill level 13 in Maces & Flails
 13252 | Lair:2   | Reached XP level 12. HP: 61/69 MP: 17/17
 13326 | Lair:2   | Noticed a five-headed hydra
 13336 | Lair:2   | Killed a five-headed hydra
 13336 | Lair:2   | Acquired Okawaru's second power
 14078 | Lair:2   | Got a brightly glowing plate armour
 14100 | Lair:2   | Identified the +11 plate armour "Plog" {Dex+1} (You acquired it on level 2 of the Lair of Beasts)
 14227 | Lair:3   | Noticed an eight-headed hydra
 14239 | Lair:3   | Killed an eight-headed hydra
 14269 | Lair:3   | Found a staircase to the Shoals.
 14334 | Shoals:1 | Entered Level 1 of the Shoals
 14770 | Lair:3   | Reached skill level 10 in Fighting
 14800 | Lair:3   | Received a gift from Okawaru
 14864 | Lair:3   | Reached skill level 14 in Maces & Flails
 16647 | Lair:5   | Reached XP level 13. HP: 76/76 MP: 15/18
 16652 | Lair:5   | Received a gift from Okawaru
 17248 | Lair:6   | Found a staircase to the Snake Pit.
 17306 | Snake:1  | Entered Level 1 of the Snake Pit
 17473 | Lair:6   | Got a brightly glowing helmet
 17477 | Lair:6   | Identified the -1 helmet of Ubieqe {Stlth+ Curse} (You acquired it on level 6 of the Lair of Beasts)
 17721 | Lair:6   | Received a gift from Okawaru
 18566 | Lair:7   | Found a staircase to the Slime Pits.
 18643 | Slime:1  | Entered Level 1 of the Pits of Slime
 18967 | Lair:8   | Entered Level 8 of the Lair of Beasts
 19266 | Lair:8   | Reached skill level 15 in Maces & Flails
 19327 | Lair:8   | Received a gift from Okawaru
 19512 | Lair:8   | Noticed a dire elephant
 19592 | Lair:8   | Killed a dire elephant
 19592 | Lair:8   | Reached skill level 10 in Shields
 19592 | Lair:8   | Gained mutation: Your wings are large and strong. [gargoyle growth]
 19592 | Lair:8   | Reached XP level 14. HP: 84/84 MP: 17/18
 19613 | Lair:8   | Noticed a dire elephant
 19626 | Lair:8   | Killed a dire elephant
 19923 | Lair:8   | Found a burning altar of Makhleb.
 20129 | Lair:8   | Found a gateway to Hell.
 20691 | D:12     | Noticed a hill giant
 20706 | D:12     | Killed a hill giant
 20728 | D:12     | Noticed a skeletal warrior
 20729 | D:12     | Noticed a hill giant
 20754 | D:12     | Killed a skeletal warrior
 20759 | D:12     | Killed a hill giant
 20778 | D:12     | Noticed a skeletal warrior
 20805 | D:12     | Killed a skeletal warrior
 20805 | D:12     | Received a gift from Okawaru
 20806 | D:12     | Got a pair of ichor-stained gloves {god gift}
 20810 | D:12     | Identified the +1 pair of gloves of Patience {Str+3 Dex-2} (Okawaru gifted it to you on level 12 of the Dungeon)
 21100 | D:13     | Found a white marble altar of Elyvilon.
 21604 | D:13     | Noticed Grum
 21622 | D:13     | Killed Grum
 21985 | D:14     | Entered Level 14 of the Dungeon
 22304 | D:14     | Found a glowing golden altar of the Shining One.
 22331 | D:14     | Reached skill level 16 in Maces & Flails
 22885 | D:14     | Paralysed by a giant eyeball for 2 turns
 22937 | D:15     | Entered Level 15 of the Dungeon
 23252 | D:15     | Reached XP level 15. HP: 87/91 MP: 19/19
 23486 | D:15     | Found a staircase to the Vaults.
 24079 | D:16     | Received a gift from Okawaru
 24080 | D:16     | Got a crude dire flail {god gift}
 24089 | D:16     | Identified the dire flail of Capital Punishment {god gift, elec, Int+2} (Okawaru gifted it to you on level 16 of the Dungeon)
 24310 | D:16     | Found a portal to a secret trove of treasure.
 24911 | D:16     | Noticed an ancient lich
 24948 | D:16     | Noticed a Shadow Fiend
 25592 | Orc:1    | Entered Level 1 of the Orcish Mines
 25700 | Orc:1    | Found an iron altar of Okawaru.
 25813 | Orc:1    | Found a deep blue altar of Sif Muna.
 25886 | Orc:1    | Identified Sif Muna's Disquisition on Dark Rituals (You found it on level 1 of the Orcish Mines)
 26375 | Orc:2    | Found Gaheich's Gadget Emporium.
 26688 | Orc:2    | Noticed Harold
 26711 | Orc:2    | Killed Harold
 26881 | Orc:3    | Noticed Josephine
 26891 | Orc:3    | Killed Josephine
 26891 | Orc:3    | Reached skill level 1 in Invocations
 27048 | Orc:3    | Found a staircase to the Elven Halls.
 27067 | Orc:3    | Found Nesm's Antique Armour Shop.
 27215 | Orc:3    | Found a roughly hewn altar of Beogh.
 27407 | Orc:4    | Entered Level 4 of the Orcish Mines
 27741 | Orc:4    | Noticed Nessos
 27770 | Orc:4    | Killed Nessos
 27770 | Orc:4    | Reached skill level 17 in Maces & Flails
 27795 | Orc:4    | Found a labyrinth entrance.
 27804 | Lab      | Entered a labyrinth
 28336 | Lab      | Got a steaming bone amulet
 28336 | Lab      | Got a heavily runed golden ring
 28359 | Orc:4    | Identified the amulet of the Tempest {Clar -Tele} (You found it in a labyrinth)
 28359 | Orc:4    | Identified the ring "Efolawn" {+Rage Str+3} (You found it in a labyrinth)
 28691 | Orc:4    | Found Naittemiet's Magic Scroll Shop.
 28724 | Orc:4    | Found Clief's Assorted Antiques.
 28728 | Orc:4    | Found Icesuesoeg's General Store.
 28745 | Orc:4    | Received a gift from Okawaru
 28877 | Orc:4    | Found Threucavi's Armour Shop.
 28881 | Orc:4    | Bought a potion of heal wounds for 51 gold pieces
 28881 | Orc:4    | Bought a potion of heal wounds for 51 gold pieces
 29858 | Shoals:1 | Reached XP level 16. HP: 95/98 MP: 24/24
 30027 | Shoals:1 | Noticed Urug
 30058 | Shoals:1 | Killed Urug
 30245 | Shoals:2 | Reached skill level 5 in Invocations
 30273 | Shoals:2 | Noticed Polyphemus
 30699 | Shoals:2 | Killed Polyphemus
 31028 | Shoals:3 | Reached skill level 15 in Armour
 31584 | Shoals:4 | Received a gift from Okawaru
 31755 | Shoals:4 | Noticed a kraken
 31912 | Shoals:5 | Entered Level 5 of the Shoals
 32144 | Shoals:5 | Noticed Ilsuiw
 32144 | Shoals:5 | Noticed a kraken
 33207 | Snake:1  | Noticed Donald
 34339 | Snake:3  | Received a gift from Okawaru
 34340 | Snake:3  | Got a faintly humming scale mail {god gift}
 34555 | Snake:3  | Found an ancient bone altar of Kikubaaqudgha.
 34814 | Snake:3  | Found Jeattoy's Magical Wand Shop.
 34844 | Snake:3  | Bought a wand of teleportation (6) for 480 gold pieces
 35021 | Snake:3  | Reached skill level 15 in Shields
 35842 | Snake:4  | Found Gaklamaiph's Specialty Armours.
 35926 | Snake:4  | Found Tweasufo's Book Shop.
 36492 | Snake:1  | Killed Donald
 36719 | Lair:1   | Identified the -2 scale mail of Minor Irritation {Str+3 Dex+1} (Okawaru gifted it to you on level 3 of the Snake Pit)
 37106 | Snake:5  | Entered Level 5 of the Snake Pit
 37142 | Snake:5  | Noticed Frances
 37142 | Snake:5  | Noticed Xtahua
 37167 | Snake:5  | Killed Frances
 37167 | Snake:5  | Reached XP level 17. HP: 100/104 MP: 21/27
 37180 | Snake:5  | Killed Xtahua
 37464 | Snake:5  | Noticed Boris
 37486 | Snake:5  | Killed Boris
 38277 | Snake:5  | Reached skill level 18 in Maces & Flails
 38401 | Snake:5  | Noticed Saint Roka
 38442 | Snake:5  | Killed Saint Roka
 39383 | Snake:5  | Received a gift from Okawaru
 39559 | Snake:5  | Reached skill level 15 in Fighting
 39883 | Snake:5  | Reached skill level 1 in Evocations
 41242 | Snake:5  | Reached XP level 18. HP: 106/112 MP: 28/28
 41266 | Snake:5  | Got a serpentine rune of Zot
 42395 | D:17     | Received a gift from Okawaru
 42399 | D:17     | Identified a +2 pair of boots of running (Okawaru gifted it to you on level 17 of the Dungeon)
 42503 | D:17     | Reached skill level 5 in Evocations
 43865 | D:18     | Found Woofrak's Assorted Antiques.
 44224 | D:18     | Found a shattered altar of Ashenzari.
 46144 | D:20     | Entered Level 20 of the Dungeon
 46655 | D:20     | Cast into the Abyss (a Zot trap)
 46940 | D:20     | Escaped the Abyss
 47076 | D:20     | Found Cheoz's Gadget Boutique.
 47102 | D:20     | Found Vowkiov's Assorted Antiques.
 47250 | D:20     | Found a burning altar of Makhleb.
 47763 | Vaults:1 | Entered Level 1 of the Vaults
 47811 | Vaults:1 | Noticed Snorg
 47822 | Vaults:1 | Killed Snorg
 47874 | Vaults:1 | Received a gift from Okawaru
 48157 | Vaults:1 | Cast into the Abyss (deep elf demonologist)
 48386 | Abyss:1  | Noticed a bone dragon
 48685 | Vaults:1 | Escaped the Abyss
 49329 | Vaults:1 | Reached XP level 19. HP: 106/120 MP: 29/29
 49966 | Vaults:1 | Reached skill level 5 in Dodging
 50454 | Vaults:2 | Reached skill level 19 in Maces & Flails
 52275 | Vaults:2 | Received a gift from Okawaru
 52702 | Vaults:2 | Found Qeivu's Armour Shoppe.
 53811 | Vaults:3 | Found a staircase to the Crypt.
 53826 | Crypt:1  | Entered Level 1 of the Crypt
 54226 | Vaults:3 | Received a gift from Okawaru
 55026 | Vaults:3 | Found a gateway to a bazaar.
 55035 | Bazaar   | Entered a bazaar
 55035 | Bazaar   | Found Mairhemash's Antique Weapon Emporium.
 55035 | Bazaar   | Found Giph's Jewellery Shoppe.
 55035 | Bazaar   | Found Amoz's Assorted Antiques.
 55041 | Bazaar   | Found Uhadag's Food Shoppe.
 55062 | Bazaar   | Bought a slimy glass ring for 700 gold pieces
 55063 | Bazaar   | Identified the ring of Suicidal Tendencies {rF+ rC+ SInv} (You bought it in a shop in a bazaar)
 55069 | Bazaar   | Bought a scroll of enchant armour for 154 gold pieces
 55073 | Bazaar   | Bought a scroll labeled SMEVVI PRUAX for 28 gold pieces
 55075 | Bazaar   | Bought a scroll of teleportation for 84 gold pieces
 55075 | Bazaar   | Bought a potion of heal wounds for 84 gold pieces
 55075 | Bazaar   | Bought a wand of teleportation for 336 gold pieces
 55075 | Bazaar   | Bought a scroll of identify for 56 gold pieces
 55075 | Bazaar   | Bought a scroll of magic mapping for 98 gold pieces
 55084 | Bazaar   | Bought a meat ration for 52 gold pieces
 55084 | Bazaar   | Bought a bread ration for 52 gold pieces
 55084 | Bazaar   | Bought a bread ration for 52 gold pieces
 55084 | Bazaar   | Bought a meat ration for 52 gold pieces
 55084 | Bazaar   | Bought a bread ration for 52 gold pieces
 55687 | Vaults:4 | Reached XP level 20. HP: 128/128 MP: 29/29
 56809 | Vaults:4 | Received a gift from Okawaru
 58447 | Vaults:4 | Found a staircase to the Hall of Blades.
 59209 | Vaults:1 | Noticed Nikola
 59283 | Vaults:1 | Killed Nikola
 59283 | Vaults:1 | Received a gift from Okawaru
 60331 | D:21     | Found Schathra's Jewellery Emporium.
 60341 | D:21     | Bought the ring "Cledases" {SustAb rF+ MR++} for 693 gold pieces
 61386 | D:22     | Found a one-way gate leading to the halls of Pandemonium.
 61598 | D:22     | Reached skill level 20 in Maces & Flails
 61847 | D:22     | Reached XP level 21. HP: 108/134 MP: 30/30
 62175 | D:22     | Noticed Wiglaf
 62197 | D:22     | Killed Wiglaf
 63018 | D:23     | Found a one-way gate to the infinite horrors of the Abyss.
 63313 | D:23     | Received a gift from Okawaru
 63318 | D:23     | Identified a +0 cloak of preservation (Okawaru gifted it to you on level 23 of the Dungeon)
 63920 | D:23     | Got a crude marble ring
 63921 | D:23     | Identified the ring "Wisock" {rElec MR++ Int+2} (You found it on level 23 of the Dungeon)
 64594 | D:24     | Found Astroonemp's Magic Scroll Shoppe.
 64646 | D:24     | Bought a scroll of enchant armour for 115 gold pieces
 64963 | D:24     | Found Shroruirok's General Store.
 64973 | D:24     | Found Zaiwuw's Antique Armour Shoppe.
 66005 | D:24     | Received a gift from Okawaru
 66157 | D:25     | Entered Level 25 of the Dungeon
 67006 | D:25     | Reached XP level 22. HP: 143/143 MP: 31/31
 67389 | D:26     | Found Ciaquvaa's Pet Rocks.
 68335 | D:26     | Reached skill level 21 in Maces & Flails
 68706 | D:27     | Entered Level 27 of the Dungeon
 69758 | D:27     | Received a gift from Okawaru
 72341 | Shoals:5 | Identified the Handbook of Indemnity
 72650 | Shoals:5 | Killed Ilsuiw
 72768 | Shoals:5 | Received a gift from Okawaru
 72769 | Shoals:5 | Got a distressingly furry chain mail {god gift}
 72944 | Shoals:5 | Identified the Reference Book on Mutagenic Stolen Souls
 73966 | Shoals:5 | Got a barnacled rune of Zot
 74819 | Vaults:5 | Entered Level 5 of the Vaults
 74951 | Vaults:5 | Reached XP level 23. HP: 110/151 MP: 31/31
 75359 | Vaults:5 | Gained mutation: You digest meat inefficiently. [a shining eye]
 75379 | Vaults:5 | Got a warped plate armour
 75382 | Vaults:5 | Identified the +5 plate armour of Fallacy {rN+ Int+1} (You found it on level 5 of the Vaults)
 75557 | Vaults:5 | Got a transparent platinum amulet
 75558 | Vaults:5 | Received a gift from Okawaru
 75559 | Vaults:5 | Got a faintly glowing demon whip {god gift}
 75560 | Vaults:5 | Identified the +6,+5 demon whip of Urgency {venom, -Cast Str+2} (Okawaru gifted it to you on level 5 of the Vaults)
 75561 | Vaults:5 | Identified the amulet "Gaillal" {+Rage Str+3 Dex+2} (You took it off a yaktaur on level 5 of the Vaults)
 75821 | Vaults:5 | Found Piuts' Gadget Emporium.
 76040 | Vaults:5 | Got a bone morningstar
 76041 | Vaults:5 | Identified the +2,+6 morningstar of Phuidwapn {freeze, rF++ rN+} (You took it off an orc on level 5 of the Vaults)
 76947 | Vaults:5 | Reached skill level 22 in Maces & Flails
 77656 | Vaults:5 | Received a gift from Okawaru
 78684 | Vaults:5 | Found Niugigio's General Store.
 78822 | Vaults:5 | Received a gift from Okawaru
 79764 | Vaults:5 | Got a silver rune of Zot
 79875 | Vaults:5 | Reached XP level 24. HP: 157/160 MP: 32/32
 80631 | Zot:1    | Entered Level 1 of the Realm of Zot
 81217 | D:21     | Bought the amulet of Bietaone {rMut Str+2 Dex+4 Int+5} for 1677 gold pieces
 81774 | D:27     | Identified a +0 cloak of preservation (You took it off a green draconian on level 27 of the Dungeon)
 82098 | Zot:1    | Got an ichor-stained flail
 82099 | Zot:1    | Identified the +4,+1 flail "Twiablav" {antimagic, rElec Dex+2 Int+3} (You found it on level 1 of the Realm of Zot)
 83854 | Zot:1    | Received a gift from Okawaru
 83870 | Zot:1    | HP: 1/160 [storm dragon/bolt of lightning (10)]
 83881 | Zot:1    | Killed from afar by a purple draconian zealot

Action                   |  1- 3 |  4- 6 |  7- 9 | 10-12 | 13-15 | 16-18 | 19-21 | 22-24 || total
-------------------------+-------+-------+-------+-------+-------+-------+-------+-------++-------
Melee: Dagger            |    97 |    87 |       |       |       |       |       |       ||   184
       Mace              |       |   190 |   253 |       |       |       |       |       ||   443
       Flail             |       |       |    47 |  1102 |  2101 |  2835 |  3811 |  3361 || 13257
       Demon whip        |       |       |       |       |     1 |       |       |       ||     1
       Dire flail        |       |       |       |       |    30 |       |       |       ||    30
       Eveningstar       |       |       |       |       |       |       |     9 |       ||     9
       Morningstar       |       |       |       |       |       |       |       |     2 ||     2
Throw: Dart              |       |     6 |     1 |     6 |       |       |       |       ||    13
 Cast: Corona            |     7 |     5 |       |       |       |       |       |       ||    12
       Ensorcelled Hiber |     3 |     2 |       |       |       |       |       |       ||     5
Invok: Heroism           |       |     1 |    11 |    30 |    40 |    27 |    15 |    26 ||   150
       Finesse           |       |       |       |       |     2 |     3 |     1 |     6 ||    12
 Abil: Fly               |       |       |       |       |     1 |       |       |       ||     1
       Evoke Teleport Co |       |       |       |       |       |     2 |       |       ||     2
       Evoke Invisibilit |       |       |       |       |       |       |       |     2 ||     2
Evoke: Wand              |       |       |       |       |       |     6 |     1 |     5 ||    12
  Use: Scroll            |       |    22 |     7 |    10 |    10 |    15 |    10 |    15 ||    89
       Potion            |       |     1 |     4 |       |     1 |     1 |       |     7 ||    14
 Stab: Sleeping          |     5 |     1 |       |       |       |       |       |       ||     6
       Petrified         |       |       |       |       |       |     6 |       |     4 ||    10
       Fleeing           |       |       |       |       |       |       |     1 |     6 ||     7
       Petrifying        |       |       |       |       |       |       |       |     3 ||     3
